 Dungeon Crawl Stone Soup version 0.32-a0-711-g016ad743e0 (webtiles) character file.

Game seed: 361292999607355308

854 Griffin23 the Slasher (level 7, -5/63 HPs)
             Began as a Minotaur Fighter on Mar 15, 2024.
             Was a Believer of Nemelex Xobeh.
             Slain by Menkaure (8 damage)
             ... on level 5 of the Dungeon.
             The game lasted 00:09:18 (4826 turns).

Griffin23 the Slasher (Minotaur Fighter)            Turns: 4826, Time: 00:09:18

Health: -5/63      AC: 10    Str: 23    XL:     7   Next: 70%
Magic:  6/6        EV:  8    Int:  5    God:    Nemelex Xobeh [**....]
Gold:   218        SH:  4    Dex:  9    Spells: 6/6 levels left

rFire   . . .        a - +0 long sword
rCold   . . .        c - +0 buckler
rNeg    . . .        b - +0 scale mail
rPois   .            (helmet restricted)
rElec   .            (no cloak)
rCorr   .            (no gloves)
SInv    .            n - +2 pair of boots
Will    .....        (no amulet) Stlth
                     (no ring)
HPRegen 0.30/turn    (no ring)
MPRegen 0.10/turn

%: no passive effects
@: no status effects
A: horns 2, retaliatory headbutt
a: Renounce Religion, Draw Escape, Draw Destruction, Draw Summoning


You were on level 5 of the Dungeon.
You worshipped Nemelex Xobeh.
Nemelex Xobeh was pleased with you.
You visited 1 branch of the dungeon, and saw 5 of its levels.

You collected 218 gold pieces.

Inventory:

Hand Weapons
 a - a +0 long sword (weapon)
Armour
 b - a +0 scale mail (worn)
 c - a +0 buckler (worn)
 n - a +2 pair of boots (worn)
Jewellery
 l - a ring of resist corrosion
 v - an amulet of the acrobat
 w - a ring of wizardry
 D - an amulet of guardian spirit
Wands
 p - a wand of digging (5)
 q - a wand of quicksilver (13)
 A - a wand of roots (7)
Scrolls
 e - a scroll of brand weapon {unknown}
 f - 2 scrolls of teleportation {unknown}
 g - a scroll of acquirement {unknown}
 h - 7 scrolls of identify {unknown}
 i - 2 scrolls of enchant armour {unknown}
 k - a scroll of amnesia {unknown}
 m - 2 scrolls of revelation {unknown}
 o - 2 scrolls of fog {unknown}
 r - a scroll of torment {unknown}
 s - a scroll of blinking {unknown}
 t - 3 scrolls of fear {unknown}
 x - a scroll of immolation {unknown}
 y - a scroll of vulnerability {unknown}
 z - a scroll of butterflies {unknown}
 B - a scroll of poison {unknown}
 E - a scroll of enchant weapon {unknown}
Potions
 j - a potion of heal wounds {unknown}
 u - 2 potions of enlightenment {unknown}
 C - a potion of curing {unknown}


   Skills:
 + Level 6.0 Fighting
 * Level 6.9 Long Blades
 + Level 5.9 Armour
 + Level 5.9 Shields


You had 6 spell levels left.
You didn't know any spells.
Your spell library contained the following spells:

 Spells                   Type           Power      Damage    Failure   Level
 Shock                    Conj/Air       0%         1d3       83%         1
 Swiftness                Air            0%         N/A       99%         3
 Airstrike                Air            0%         2d(0-16)  100%        4


Dungeon Overview and Level Annotations

Branches:
Dungeon (5/15)             Temple (0/1) D:4

Altars:
Gozag
Nemelex Xobeh

Shops:
D:3 :

Annotations:
D:4 2 runed translucent doors, RandomusNamus's ghost, amateur MiAr
D:5 Menkaure


Innate Abilities, Weirdness & Mutations

You have a pair of horns on your head.
You reflexively headbutt those who attack you in melee.


Message History

You hear a mighty peal of thunder!
You hear an angry hiss.
You hear a shout! x2
You kill the scorpion!
Your Fighting skill increases to level 6!
You climb upwards.
Level annotation: 2 runed translucent doors, RandomusNamus's ghost, amateur MiAr
There is a stone staircase leading down here.
You start resting.
HP restored.
You start waiting.
Done waiting.
You climb downwards.
Level annotation: Menkaure Menkaure casts a spell.
Menkaure seems to speed up.
The gnoll hits you but does no damage. You block the gnoll's attack.
There is a stone staircase leading up, spattered with blood here.
You hit the gnoll.
The gnoll is heavily wounded.
A water moccasin comes into view.
A sleepcap comes into view.
The gnoll hits you but does no damage.
You hit the gnoll. You headbutt the gnoll.
You kill the gnoll!
Menkaure mumbles drily.
Menkaure calls on the powers of darkness!
The water moccasin convulses!
Your body is wracked with pain!
Menkaure hits you!
Things that are here:
a +0 club; a gnoll corpse You can't go up here!
You are too injured to fight recklessly!
You are too injured to fight recklessly!
Menkaure attacks as he pursues you! Menkaure hits you!
* * * LOW HITPOINT WARNING * * *
You block Menkaure's attack.
There is a stone staircase leading up, spattered with blood here.
You draw a card...
You have drawn the Tomb.
Walls emerge from the floor!
Menkaure hits you!
You die...
Your body glows slightly and disappears.

.# ...# ... .. # .. ... .#
.# ## ......####.##.## .##
..... ............ ..#
.##.. #....f.......
..######.# #.##......#.....
†.....#..# #...###...#.....
#.......## ##..#@#.........
..)..)...###...##M.........
.....)..........#.......###
..........###.#..#........#
..........###.##..#..#..#.
..............###.#(....#
######.#.#.....##.#.....##
#.#....##.##$.......#
#....####...#.)##.#.#


You could see Menkaure (fast).

Vanquished Creatures
  A steam dragon (D:5)
  An ogre (D:4)
  Blork the orc (D:4)
  3 scorpions
  2 hounds (D:4)
  An iguana (D:5)
  3 orc wizards
  6 gnolls
  6 adders
  2 ribbon worms (D:2)
  A dart slug (D:4)
  16 orcs
  9 endoplasms
  4 giant cockroaches
  11 goblins
  8 hobgoblins
  11 jackals
  7 quokkas
  9 ball pythons
  2 bats (D:2)
  5 kobolds
  9 rats
118 creatures vanquished.

Notes
Turn   | Place    | Note
-------+----------+-------------------------------------------
     0 | D:1      | Griffin23 the Minotaur Fighter began the quest for the Orb.
     0 | D:1      | Reached XP level 1. HP: 19/19 MP: 0/0
   182 | D:1      | Reached XP level 2. HP: 20/27 MP: 1/1
   776 | D:2      | Reached XP level 3. HP: 27/33 MP: 2/2
  1108 | D:2      | Reached XP level 4. HP: 40/40 MP: 3/3
  1151 | D:2      | Found a faded altar of an unknown god.
  1195 | D:2      | Prayed at the altar of an unknown god.
  1195 | D:2      | Became a worshipper of Nemelex Xobeh the Trickster
  1195 | D:2      | Reached * piety under Nemelex Xobeh
  1645 | D:3      | Received a gift from Nemelex Xobeh
  1757 | D:3      | Found Ixtirus's Book Emporium.
  2268 | D:3      | Reached XP level 5. HP: 29/47 MP: 4/4
  2547 | D:4      | Found an opulent altar of Gozag.
  2851 | D:4      | Noticed an ogre
  2858 | D:4      | Killed an ogre
  3000 | D:4      | Found a staircase to the Ecumenical Temple.
  3000 | D:4      | Reached ** piety under Nemelex Xobeh
  3196 | D:4      | Received a gift from Nemelex Xobeh
  3196 | D:4      | Noticed Eustachio
  3207 | D:4      | Reached skill level 5 in Fighting
  3207 | D:4      | Reached skill level 5 in Long Blades
  3207 | D:4      | Reached skill level 5 in Armour
  3207 | D:4      | Reached XP level 6. HP: 53/56 MP: 5/5
  3207 | D:4      | Eustachio changed into Eustachio the quokka
  3207 | D:4      | Noticed Eustachio
  3210 | D:4      | Killed Eustachio the quokka
  3218 | D:4      | Found a large runed translucent door.
  3218 | D:4      | Found a large runed translucent door.
  3220 | D:4      | Noticed RandomusNamus's ghost (amateur MiAr)
  3230 | D:4      | Reached skill level 5 in Shields
  3251 | D:4      | Noticed Blork the orc
  3264 | D:4      | Killed Blork the orc
  3956 | D:5      | Entered Level 5 of the Dungeon
  3964 | D:5      | Reached XP level 7. HP: 61/61 MP: 6/6
  4287 | D:5      | Noticed Duvessa
  4288 | D:5      | Noticed Dowan
  4301 | D:5      | Duvessa changed into Duvessa the jackal
  4301 | D:5      | Noticed Duvessa
  4301 | D:5      | Dowan changed into Dowan the kobold
  4301 | D:5      | Noticed Dowan
  4302 | D:5      | Killed Duvessa the jackal
  4302 | D:5      | Killed Dowan the kobold
  4469 | D:5      | Noticed a steam dragon
  4480 | D:5      | Killed a steam dragon
  4482 | D:5      | Noticed Menkaure
  4825 | D:5      | HP: 3/63 [Menkaure (17)]
  4826 | D:5      | Slain by Menkaure

Illustrated notes

Levels and vault maps discovered:
D:1:      amcnicky_arrival_underground_garden, layout_basic,
          minmay_misc_feat_nine_boxes, minmay_tall_x
D:2:      layout_basic, hellmonk_ecumenical_altar_inner_sanctum,
          minmay_pentomino_u4
D:3:      layout_loops_ring, serial_shops, nicolae_shop_tiny_glass,
          minmay_goblin_outpost
D:4:      layout_layer_cave, mainiacjoe_overflow_surrounded_room,
          minmay_temple_entry_glassed_door, ebering_ghost_disaster_area,
          minmay_misc_feat_encased, minmay_fractal_squares_gapless_5,
          uniq_blork_the_orc, uniq_eustachio
D:5:      minmay_spotlight, layout_rooms, uniq_menkaure, uniq_duvessa

Skill      XL: |  1  2  3  4  5  6  7 |
---------------+----------------------+-----
Armour         | 4 5 |  5.9
Shields        | 4 5 |  5.9
Fighting       | 4 5 6 |  6.0
Long Blades    | 3 4 5 6 |  6.9

Action                     |  1- 3 |  4- 6 |  7- 9 || total
---------------------------+-------+-------+-------++-------
  Melee: Long sword        |    92 |   164 |    73 ||   329
         Headbutt          |     8 |    33 |     8 ||    49
 Invoke: Draw Destruction  |       |     2 |     6 ||     8
         Draw Escape       |       |       |     1 ||     1
    Use: Potion            |       |       |     1 ||     1
 Armour: Scale mail        |    72 |   134 |   111 ||   317
  Dodge: Dodged            |    35 |    99 |    51 ||   185
  Block: Buckler           |    23 |    31 |    19 ||    73

Table legend: (Time is in decaauts)
 A = Elapsed time spent in this place.
 B = Non-inter-level travel time spent in this place.
 C = Inter-level travel time spent in this place.
 D = Time resting spent in this place.
 E = Time spent auto-exploring this place.
 F = Levels seen in this place.
 G = Mean time per level.
                   A        B        C        D        E       F      G
               +--------+--------+--------+--------+--------+-----+--------+
         Total |   4900 |   4598 |    302 |    754 |   3096 |   5 |  980.0 |
       Dungeon |   4900 |   4598 |    302 |    754 |   3096 |   5 |  980.0 |
               +--------+--------+--------+--------+--------+-----+--------+

Top non-repeatable levels by time:
     D:4: 2014 daAuts
     D:2: 901 daAuts
     D:3: 874 daAuts
     D:1: 767 daAuts
     D:5: 343 daAuts
